Map: Cyber Forest LE

Players

uThermal

  • Race: Terran Terran
  • Spawn Location: 5:00

SortOf - Winner!

  • Race: Zerg Zerg
  • Spawn Location: 11:00

Event: 2019 WCS Summer

VOD

Have the link to the VOD?

Description

Time

  • Played on: July 12, 2019, 6:49 a.m.
  • Length: 11:27

All games in this series

Show
View Real Time Build Order
Export as new Build Order

uThermal Terran 

Build Orders: Liberator Opening 

Get SALT Encoding   

  12  0:01  SCV  
  13  0:13  SCV  
  14  0:17  Supply Depot  
  14  0:25  SCV  
  15  0:39  SCV  
  15  0:40  Barracks  
  16  0:43  Refinery  
  16  0:51  SCV  
  17  1:03  SCV  
  18  1:15  SCV  
  19  1:26  Marine  
  19  1:27  Orbital Command  
  20  1:41  Command Center  
  20  1:53  SCV  
  21  1:58  Factory  
  21  2:02  Barracks Reactor  
  21  2:05  SCV  
  22  2:09  Supply Depot  
  22  2:14  Refinery  
  22  2:17  SCV  
  23  2:30  SCV  
  24  2:42  Starport  
  24  2:43  SCV  
  25  2:47  Hellion  
  25  2:48  Hellion  
  29  2:53  Orbital Command  
  29  2:54  Marine  
  30  2:58  SCV  
  30  3:05  Liberator  
  31  3:09  Hellion  
  31  3:10  Hellion  
  35  3:13  SCV  
  35  3:16  Barracks Tech Lab  
  39  3:31  Supply Depot, Hellion  
  41  3:36  Hellion  
  41  3:37  SCV  
  45  3:43  Marauder  
  46  3:53  SCV  
  46  3:54  Hellion  
  46  3:55  Supply Depot  
  49  3:57  Hellion  
  52  4:05  Medivac  
  53  4:10  Armory  
  53  4:11  Concussive Shells  
  55  4:17  Marauder  
  55  4:18  Supply Depot  
  55  4:19  Hellion  
  55  4:22  Liberator, Hellion  
  59  4:24  SCV  
  59  4:29  SCV  
  61  4:36  SCV  
  62  4:43  Supply Depot  
  62  4:44  Hellion  
  67  4:50  Hellion  
  67  4:52  SCV  
  70  5:05  SCV x2  
  59  5:17  SCV x2, Hellion  
  51  5:29  SCV  
  51  5:30  Marine  
  51  5:31  Command Center  
  51  5:32  SCV  
  50  5:37  Stimpack  
  50  5:39  Starport Reactor  
  50  5:41  SCV  
  49  5:42  Barracks  
  49  5:44  Barracks, SCV  
  49  5:48  Factory Tech Lab, Marine  
  51  5:53  SCV  
  51  5:54  Engineering Bay x2  
  51  5:56  SCV  
  53  6:00  Refinery  
  53  6:02  Refinery  
  53  6:05  Marine  
  53  6:06  SCV  
  53  6:07  Siege Tank  
  53  6:09  SCV  
  60  6:18  SCV  
  60  6:21  SCV  
  60  6:22  Terran Infantry Weapons Level 1, Terran Infantry Armor Level 1  
  61  6:33  Marine x2, SCV  
  61  6:34  Barracks, Marine  
  61  6:35  Barracks  
  61  6:36  Marine x2  
  61  6:39  Siege Tank  
  70  6:41  Starport Reactor  
  70  6:44  SCV  
  70  6:45  SCV  
  72  6:51  Marine  
  72  6:53  Marine  
  72  6:55  Marine  
  72  6:56  SCV  
  72  6:58  Marine  
  72  6:59  Marine  
  76  7:02  Orbital Command, SCV  
  76  7:05  Supply Depot  
  78  7:08  SCV  
  78  7:09  Marine  
  78  7:11  Siege Tank, Supply Depot  
  78  7:12  Marine  
  78  7:14  SCV  
  84  7:16  Marine  
  84  7:19  Marine  
  84  7:20  SCV  
  87  7:23  Barracks Reactor x2  
  87  7:25  Marine  
  87  7:26  SCV  
  89  7:30  Medivac  
  89  7:31  Medivac  
  89  7:32  SCV  
  89  7:35  SCV, Supply Depot  
  95  7:38  Combat Shield, SCV  
  95  7:39  Marine x3  
  95  7:40  Marine  
  95  7:44  Marine, SCV  
  101  7:49  Siege Tank  
  106  7:51  SCV  
  106  7:56  Marine  
  106  7:57  Marine x2, SCV  
  106  7:58  Supply Depot  
  111  8:00  Medivac  
  111  8:01  Marine x3  
  111  8:03  Marine  
  111  8:04  Marine  
  117  8:13  Barracks  
  117  8:14  Barracks x2  
  117  8:15  Marine x2  
  117  8:19  Marine x5, Medivac  
  124  8:21  Marine  
  124  8:22  Supply Depot  
  124  8:24  Marine  
  123  8:27  Terran Infantry Weapons Level 2  
  123  8:28  Supply Depot  
  123  8:30  Terran Infantry Armor Level 2  
  123  8:33  Marine  
  124  8:37  Marine, Sensor Tower  
  124  8:41  Supply Depot  
  125  8:43  Terran Vehicle Weapons Level 1  
  125  8:46  Marine x2  
  125  8:47  Marine, Supply Depot  
  125  8:48  Marine  
  128  8:52  Medivac  
  128  8:54  Marine  
  132  8:56  Marine  
  132  9:00  Marine, Medivac  
  136  9:06  Marine  
  136  9:07  Marine  
  138  9:12  Marine x3  
  138  9:13  Marine x2  
  138  9:14  Marine  
  138  9:15  Siege Tank  
  147  9:17  Marine  
  147  9:22  Marine  
  149  9:25  Marine x2  
  149  9:29  Medivac  
  153  9:32  Marine x2, Medivac  
  157  9:40  Supply Depot  
  157  9:41  Supply Depot  
  157  9:42  Marine x5  
  157  9:44  Supply Depot  
  162  9:50  Marine x2  
  162  9:51  Marine  
  165  9:56  Supply Depot  
  165  9:58  Supply Depot  
  165  10:01  Marine x5, Medivac  
  165  10:04  Marine x3  
  165  10:05  Marine  
  176  10:08  Marine x2  
  176  10:10  Siege Tank  
  176  10:11  Marine  
  182  10:16  Medivac  
  182  10:19  Marine x3  
  187  10:22  Marine  
  187  10:24  Marine x5  
  187  10:26  Marine  
  187  10:27  Marine  
  195  10:29  Marine  
  195  10:33  Medivac  
  196  10:37  Marine  
  196  10:41  Marine  
  197  10:45  Marine  
  177  11:01  Marine x2  
  153  11:09  Supply Depot x2  
Show
View Real Time Build Order
Export as new Build Order

SortOf Zerg - Winner!

Build Orders: Hatch First 

Get SALT Encoding   

  12  0:00  Drone  
  13  0:12  Overlord  
  13  0:17  Drone  
  14  0:31  Drone x2  
  16  0:48  Hatchery  
  15  0:51  Drone  
  15  0:55  Drone  
  17  0:58  Drone  
  18  1:09  Extractor  
  17  1:15  Spawning Pool  
  17  1:17  Drone  
  17  1:20  Drone  
  18  1:28  Drone  
  19  1:41  Drone  
  20  1:49  Hatchery  
  20  1:53  Drone  
  20  2:03  Queen  
  20  2:04  Zergling x2  
  20  2:08  Overlord  
  23  2:12  Drone  
  23  2:15  Drone  
  25  2:23  Drone  
  25  2:26  Queen  
  28  2:31  Drone  
  28  2:34  Metabolic Boost  
  29  2:39  Drone  
  29  2:42  Drone  
  31  2:45  Drone x2  
  33  2:51  Queen  
  33  2:57  Overlord  
  35  3:01  Drone x2  
  37  3:06  Queen  
  37  3:10  Zergling x4  
  41  3:15  Drone  
  41  3:18  Drone  
  43  3:22  Drone x2  
  45  3:28  Queen  
  45  3:30  Drone  
  45  3:31  Overlord  
  48  3:37  Drone  
  48  3:39  Drone  
  48  3:40  Overlord  
  50  3:45  Baneling Nest, Overlord  
  49  3:52  Overlord  
  49  3:54  Drone  
  50  3:55  Overlord  
  50  3:58  Queen  
  50  4:00  Drone  
  50  4:02  Zergling x4  
  55  4:03  Zergling x2  
  55  4:08  Drone x3  
  59  4:15  Drone  
  60  4:18  Drone  
  60  4:21  Overlord  
  60  4:25  Overlord  
  60  4:29  Drone, Overlord  
  60  4:30  Zergling x4  
  63  4:37  Drone x2  
  63  4:38  Queen  
  65  4:41  Baneling x4  
  65  4:43  Spore Crawler  
  65  4:44  Zergling x2  
  65  4:45  Zergling x8  
  71  4:50  Drone x2  
  71  4:52  Spore Crawler  
  72  4:55  Drone  
  72  4:56  Drone x2  
  72  4:57  Drone  
  75  5:01  Baneling x4  
  75  5:07  Zergling x4  
  75  5:09  Zergling x2  
  71  5:14  Zergling x8  
  71  5:19  Drone  
  68  5:25  Drone x5  
  68  5:27  Drone x2  
  71  5:32  Zergling x2  
  68  5:38  Baneling  
  68  5:39  Lair, Queen  
  70  5:43  Extractor  
  70  5:44  Extractor x2  
  70  5:48  Drone x5, Roach Warren  
  71  5:53  Queen  
  73  6:00  Drone x3  
  76  6:06  Evolution Chamber  
  76  6:07  Evolution Chamber  
  76  6:08  Extractor  
  76  6:10  Drone x4, Hatchery  
  76  6:11  Drone  
  76  6:16  Zergling x2  
  77  6:20  Zergling x4  
  77  6:21  Overlord  
  79  6:28  Overlord  
  79  6:30  Drone x5  
  84  6:32  Extractor  
  84  6:38  Drone x2  
  85  6:40  Zerg Melee Weapons Level 1  
  85  6:41  Drone x3  
  85  6:42  Zerg Ground Armor Level 1  
  85  6:44  Queen  
  86  6:57  Drone  
  86  6:58  Drone  
  86  6:59  Overlord  
  86  7:01  Zergling x12  
  91  7:07  Hydralisk Den  
  90  7:10  Hatchery  
  90  7:12  Zergling x18  
  90  7:15  Centrifical Hooks  
  98  7:19  Zergling x2  
  98  7:20  Baneling x6  
  99  7:30  Zergling x2  
  99  7:31  Zergling x12  
  106  7:41  Hydralisk x5, Muscular Augments, Overlord  
  116  7:49  Baneling x6  
  116  7:50  Baneling x2, Overseer  
  116  7:51  Hydralisk, Overlord  
  116  7:53  Zergling x4  
  120  8:01  Hydralisk x2  
  120  8:02  Zergling x2  
  124  8:09  Hydralisk  
  124  8:10  Hydralisk x3, Zergling x2  
  132  8:14  Drone  
  129  8:24  Drone  
  129  8:26  Hydralisk x2, Overlord  
  132  8:29  Drone  
  135  8:35  Zergling x12  
  141  8:43  Drone x8  
  141  8:45  Zerg Ground Armor Level 2  
  141  8:46  Infestation Pit  
  148  8:51  Drone  
  148  8:52  Grooved Spines  
  148  8:53  Zerg Melee Weapons Level 2  
  149  9:00  Drone x2, Extractor  
  149  9:02  Overlord  
  150  9:03  Zergling x10  
  155  9:17  Hatchery, Overlord x5  
  155  9:22  Hive  
  154  9:30  Spire  
  152  9:35  Hydralisk x7  
  152  9:38  Overlord  
  164  9:52  Overlord  
  163  9:53  Zergling x22  
  163  9:54  Zergling x10  
  179  10:06  Hatchery  
  178  10:10  Baneling x6  
  178  10:11  Overseer  
  178  10:12  Hydralisk  
  178  10:13  Hydralisk x5  
  190  10:20  Zergling x6  
  193  10:23  Baneling x3  
  193  10:26  Baneling x16  
  193  10:32  Zergling x12  
  196  10:42  Zergling x2  
  196  10:43  Zergling x6  
  164  10:57  Zergling x26  
  164  11:01  Zergling x10  
  164  11:02  Zergling x2  
  164  11:03  Hatchery  
  134  11:05  Zergling x2  
  134  11:09  Baneling x4  
Tags
 
Add a new tag
Caveats
  • Supply blocks, unpowered buildings, or Contaminate may cause inaccurate times.
  • Supply counts are checked every 10 seconds.